MLB
CHICAGO (A) WHITE SOX @ DETROIT TIGERS
07/04/2041
 
TOP OF THE 1ST
Chicago (A) White Sox batting - Pitching for Detroit Tigers : LHP Arturo Silva
Pitching: LHP Arturo Silva
Batting: RHB Bob Parks 0-0: Foul Ball, location: 5F
0-1: Ball
1-1: Foul Ball, location: 9LMFF
1-2: Strikes out swinging
Batting: RHB Lonnie Anderson 0-0: Ball
1-0: Ball
2-0: Called Strike
2-1: DOUBLE (Line Drive, 89XD, EV 110.6 MPH)
Batting: LHB Stan Waters 0-0: Foul Ball, location: 3DF
0-1: Ball
1-1: Reached via error on a dropped throw from 1B, E1 (Groundball, 34, EV 84.4 MPH)
Lonnie Anderson to third
Batting: RHB Jesús Rodríguez 0-0: Called Strike
0-1: Ball
1-1: Swinging Strike
1-2: Foul Ball, location: 9LMF
1-2: Strikes out swinging
Batting: LHB Jon Gates 0-0: Ball
1-0: Ball
2-0: Fielders Choice at 2nd, 6-4 (Groundball, 6MD, EV 95.0 MPH)
Top of the 1st over - 0 runs, 1 hit, 1 error, 2 left on base; Chicago (A) 0 - Detroit 0
BOTTOM OF THE 1ST
Detroit Tigers batting - Pitching for Chicago (A) White Sox : RHP Juan Méndez
Pitching: RHP Juan Méndez
Batting: LHB Luis Arroyo 0-0: Ball
1-0: Foul Ball, location: 7LDF
1-1: Foul Ball, location: 5SF
1-2: SOLO HOME RUN (Flyball, 78XD, EV 101.3 MPH), Distance : 378 ft
Batting: RHB Luis Martínez 0-0: Called Strike
0-1: Ball
1-1: Foul Ball, location: 9LMF
1-2: DOUBLE (Flyball, 78XD, EV 96.9 MPH)
Batting: SHB Jorge Figueroa 0-0: Foul Ball, location: 2F
0-1: Ball
1-1: Ball
2-1: Ground out 6-3 (Groundball, P, EV 76.9 MPH)
Batting: LHB Shawn Kline 0-0: Fly out, F4 (Flyball, 34D, EV 87.5 MPH)
Batting: LHB Gene Keys 0-0: Swinging Strike
0-1: Foul Ball, location: 7LDF
0-2: Foul Ball, location: 7LDF
0-2: Ball
1-2: DOUBLE (Flyball, 8RXD, EV 106.3 MPH)
Luis Martínez scores
Batting: RHB Lião Palma 0-0: Ball
1-0: Foul Ball, location: 25FF
1-1: Called Strike
1-2: Foul Ball, location: 5F
1-2: Fly out, F8 (Flyball, 8RXD, EV 92.5 MPH)
Bottom of the 1st over - 2 runs, 3 hits, 0 errors, 1 left on base; Chicago (A) 0 - Detroit 2
TOP OF THE 2ND
Chicago (A) White Sox batting - Pitching for Detroit Tigers : LHP Arturo Silva
Batting: RHB Tony Hoover 0-0: Called Strike
0-1: Ball
1-1: Ball
2-1: Ground out 6-3 (Groundball, 6, EV 84.4 MPH)
Batting: RHB Jon Heath 0-0: Ball
1-0: Called Strike
1-1: Foul Ball, location: 3FF
1-2: Ball
2-2: Strikes out swinging
Batting: SHB Juan Medina 0-0: Ball
1-0: Called Strike
1-1: Ball
2-1: Swinging Strike
2-2: Ball
3-2: Foul Ball, location: 2LF
3-2: Ground out U3 (Groundball, 3L, EV 103.1 MPH)
Top of the 2nd over - 0 runs, 0 hits, 0 errors, 0 left on base; Chicago (A) 0 - Detroit 2
BOTTOM OF THE 2ND
Detroit Tigers batting - Pitching for Chicago (A) White Sox : RHP Juan Méndez
Batting: RHB Ed Hicks 0-0: Ball
1-0: Called Strike
1-1: Ball
2-1: SINGLE (Groundball, 56D, EV 80.0 MPH) (infield hit)
Batting: LHB Dave O'Rorke 0-0: Called Strike
0-1: Called Strike
0-2: Ball
1-2: Fly out, F5 (Popup, 56, EV 69.4 MPH)
Batting: RHB José Castillo 0-0: Ball
1-0: Called Strike
1-1: Grounds into double play, 5-4-3 (Groundball, 56, EV 86.3 MPH)
Bottom of the 2nd over - 0 runs, 1 hit, 0 errors, 0 left on base; Chicago (A) 0 - Detroit 2
TOP OF THE 3RD
Chicago (A) White Sox batting - Pitching for Detroit Tigers : LHP Arturo Silva
Batting: RHB Dylan Dedmon 0-0: Swinging Strike
0-1: Foul Ball, location: 2RF
0-2: Ball
1-2: Ball
2-2: Ball
3-2: Strikes out looking
Batting: RHB Bob Parks 0-0: Called Strike
0-1: Ball
1-1: Ground out 6-3 (Groundball, 6M, EV 85.0 MPH)
Batting: RHB Lonnie Anderson 0-0: Ball
1-0: Called Strike
1-1: Ball
2-1: Foul Ball, location: 5F
2-2: Foul Ball, location: 2F
2-2: Ball
3-2: Strikes out swinging
Top of the 3rd over - 0 runs, 0 hits, 0 errors, 0 left on base; Chicago (A) 0 - Detroit 2
BOTTOM OF THE 3RD
Detroit Tigers batting - Pitching for Chicago (A) White Sox : RHP Juan Méndez
Batting: LHB Luis Arroyo 0-0: SINGLE (Line Drive, 78S, EV 93.8 MPH)
Batting: RHB Luis Martínez 0-0: Ball
Luis Arroyo steals 2nd base
1-0: Called Strike
1-1: Ball
2-1: Called Strike
2-2: Ball
3-2: Foul Ball, location: 2F
3-2: Base on Balls
Batting: SHB Jorge Figueroa 0-0: Ball
1-0: Fly out, F8 (Flyball, 8LD, EV 104.4 MPH)
Batting: LHB Shawn Kline 0-0: Fly out, F8 (Line Drive, 8RD, EV 85.6 MPH)
Batting: LHB Gene Keys 0-0: Called Strike
0-1: Called Strike
0-2: Ball
1-2: Strikes out looking
Bottom of the 3rd over - 0 runs, 1 hit, 0 errors, 2 left on base; Chicago (A) 0 - Detroit 2
TOP OF THE 4TH
Chicago (A) White Sox batting - Pitching for Detroit Tigers : LHP Arturo Silva
Batting: LHB Stan Waters 0-0: Ball
1-0: Ball
2-0: Ball
3-0: Called Strike
3-1: Called Strike
3-2: Strikes out swinging
Batting: RHB Jesús Rodríguez 0-0: Ball
1-0: Ball
2-0: Ball
3-0: Base on Balls
Batting: LHB Jon Gates 0-0: Ball
1-0: Called Strike
1-1: Swinging Strike
1-2: Foul Ball, location: 7LMF
1-2: Strikes out looking
Batting: RHB Tony Hoover 0-0: Ground out 4-3 (Groundball, 4, EV 85.6 MPH)
Top of the 4th over - 0 runs, 0 hits, 0 errors, 1 left on base; Chicago (A) 0 - Detroit 2
BOTTOM OF THE 4TH
Detroit Tigers batting - Pitching for Chicago (A) White Sox : RHP Juan Méndez
Batting: RHB Lião Palma 0-0: Ball
1-0: SINGLE (Line Drive, 8LS, EV 101.9 MPH)
Batting: RHB Ed Hicks 0-0: Called Strike
0-1: 2-RUN HOME RUN (Flyball, 9D, EV 95.6 MPH), Distance : 376 ft
Batting: LHB Dave O'Rorke 0-0: Ball
1-0: Ball
2-0: Fly out, F8 (Flyball, 8RD, EV 93.1 MPH)
Batting: RHB José Castillo 0-0: Ball
1-0: Called Strike
1-1: Foul Ball, location: 9LDF
1-2: Ball
2-2: SINGLE (Groundball, 13S, EV 69.4 MPH) (infield hit)
Batting: LHB Luis Arroyo 0-0: Called Strike
José Castillo is caught stealing 2nd base 2-6
0-1: Ball
1-1: DOUBLE (Groundball, 5L, EV 95.0 MPH)
Batting: RHB Luis Martínez 0-0: Fly out, F9 (Flyball, 9D, EV 110.6 MPH)
Bottom of the 4th over - 2 runs, 4 hits, 0 errors, 1 left on base; Chicago (A) 0 - Detroit 4
TOP OF THE 5TH
Chicago (A) White Sox batting - Pitching for Detroit Tigers : LHP Arturo Silva
Batting: RHB Jon Heath 0-0: Ball
1-0: Ball
2-0: Ball
3-0: Called Strike
3-1: Foul Ball, location: 9LSF
3-2: Reached on error, E5 (Groundball, 56, EV 103.1 MPH)
Batting: SHB Juan Medina 0-0: Ball
1-0: Ball
2-0: Ball
3-0: Base on Balls
Jon Heath to second
Batting: RHB Dylan Dedmon 0-0: Ball
1-0: Foul Ball, location: 7LMF
1-1: SINGLE (Line Drive, 6D, EV 104.4 MPH)
Jon Heath to third
Juan Medina to second
Batting: RHB Bob Parks 0-0: Ball
1-0: Swinging Strike
1-1: Foul Ball, location: 2F
1-2: Ball
2-2: Strikes out swinging
Batting: RHB Lonnie Anderson 0-0: Ball
1-0: Ball
2-0: Ball
3-0: Base on Balls
Jon Heath scores
Juan Medina to third
Dylan Dedmon to second
Batting: LHB Stan Waters 0-0: Ball
1-0: Ball
2-0: Called Strike
2-1: SINGLE (Flyball, 56D, EV 91.9 MPH)
Juan Medina scores
Dylan Dedmon to third
Lonnie Anderson to second
Batting: RHB Jesús Rodríguez 0-0: Called Strike
0-1: Ball
1-1: Grounds into fielders choice 6-2 (Groundball, 56, EV 84.4 MPH)
Lonnie Anderson to third
Stan Waters to second
Batting: LHB Jon Gates 0-0: Foul Ball, location: 3F
0-1: Swinging Strike
0-2: Ball
1-2: Foul Ball, location: 7LSF
1-2: Ball
2-2: Strikes out looking
Top of the 5th over - 2 runs, 2 hits, 1 error, 3 left on base; Chicago (A) 2 - Detroit 4
BOTTOM OF THE 5TH
Detroit Tigers batting - Pitching for Chicago (A) White Sox : RHP Juan Méndez
Batting: SHB Jorge Figueroa 0-0: Ground out 6-3 (Groundball, P, EV 79.4 MPH)
Batting: LHB Shawn Kline 0-0: Swinging Strike
0-1: SOLO HOME RUN (Flyball, 89XD, EV 96.9 MPH), Distance : 377 ft
Pitching: RHP Dan Smith
Batting: LHB Gene Keys 0-0: Ball
1-0: Ball
2-0: Ground out 6-3 (Groundball, 6, EV 80.0 MPH)
Batting: RHB Lião Palma 0-0: Swinging Strike
0-1: Ball
1-1: Ball
2-1: Foul Ball, location: 2F
2-2: Ball
3-2: Foul Ball, location: 5F
3-2: Base on Balls
Batting: RHB Ed Hicks 0-0: Ball
1-0: Fly out, F6 (Popup, 6, EV 70.0 MPH)
Bottom of the 5th over - 1 run, 1 hit, 0 errors, 1 left on base; Chicago (A) 2 - Detroit 5
TOP OF THE 6TH
Chicago (A) White Sox batting - Pitching for Detroit Tigers : LHP Arturo Silva
Batting: RHB Tony Hoover 0-0: Ball
1-0: Ball
2-0: Foul Ball, location: 3F
2-1: Foul Ball, location: 2F
2-2: Ball
3-2: Strikes out swinging
Batting: RHB Jon Heath 0-0: Swinging Strike
0-1: Ball
1-1: Ball
2-1: SINGLE (Line Drive, 8RS, EV 105.6 MPH)
Pitching: RHP António Delallana
Batting: SHB Juan Medina 0-0: Foul Ball, location: 2F
0-1: Ball
1-1: Ball
2-1: Ball
3-1: Foul Ball, location: 7LMF
3-2: Fly out, F8 (Flyball, 78S, EV 83.8 MPH)
Batting: RHB Dylan Dedmon 0-0: Called Strike
0-1: Called Strike
0-2: Ball
1-2: Foul Ball, location: 2F
1-2: Ball
2-2: Foul Ball, location: 9LDF
2-2: Fly out, F3 (Popup, 3SF, EV 78.1 MPH)
Top of the 6th over - 0 runs, 1 hit, 0 errors, 1 left on base; Chicago (A) 2 - Detroit 5
BOTTOM OF THE 6TH
Detroit Tigers batting - Pitching for Chicago (A) White Sox : RHP Dan Smith
Batting: LHB Dave O'Rorke 0-0: SINGLE (Groundball, 6MD, EV 106.9 MPH)
Batting: RHB José Castillo 0-0: Ball
1-0: Called Strike
1-1: SINGLE (Line Drive, 7S, EV 101.9 MPH)
Dave O'Rorke to second
Batting: LHB Luis Arroyo 0-0: Ball
1-0: Ball
2-0: Fly out, F9 (Flyball, 9S, EV 89.4 MPH)
Batting: RHB Luis Martínez 0-0: Ball
1-0: Called Strike
1-1: Ball
2-1: Swinging Strike
2-2: Ball
Wild Pitch!
Dave O'Rorke to third
José Castillo to second
3-2: Fielders Choice at home, 6-2 (Groundball, 6, EV 103.8 MPH)
José Castillo to third
Batting: SHB Jorge Figueroa 0-0: Swinging Strike
0-1: Ball
1-1: Swinging Strike
1-2: Foul Ball, location: 3F
1-2: SINGLE (Groundball, 56, EV 106.9 MPH) (infield hit)
José Castillo scores
Luis Martínez to second
Batting: LHB Shawn Kline 0-0: Fly out, F7 (Flyball, 7D, EV 80.6 MPH)
Bottom of the 6th over - 1 run, 3 hits, 0 errors, 2 left on base; Chicago (A) 2 - Detroit 6
TOP OF THE 7TH
Chicago (A) White Sox batting - Pitching for Detroit Tigers : RHP António Delallana
Now at 2B: Joaquín Medina
Batting: RHB Bob Parks 0-0: Called Strike
0-1: Ball
1-1: Called Strike
1-2: Ball
2-2: Foul Ball, location: 23FF
2-2: Ball
3-2: Base on Balls
Batting: RHB Lonnie Anderson 0-0: Called Strike
Bob Parks steals 2nd base
0-1: Ball
1-1: Ball
2-1: Ball
3-1: Base on Balls
Batting: LHB Stan Waters 0-0: Called Strike
0-1: Fly out, F9 (Flyball, 9D, EV 108.1 MPH)
Runner from 2nd tags up, SAFE at 3rd, no throw by RF
Batting: RHB Jesús Rodríguez 0-0: Ball
1-0: Ball
2-0: Called Strike
2-1: Fly out, F8 (Flyball, 8LD, EV 101.3 MPH)
Runner from 3rd tags up, SCORES, throw by CF
Batting: LHB Jon Gates 0-0: Called Strike
Lonnie Anderson steals 2nd base
0-1: Swinging Strike
0-2: Ball
1-2: Ball
2-2: Strikes out swinging
Top of the 7th over - 1 run, 0 hits, 0 errors, 1 left on base; Chicago (A) 3 - Detroit 6
BOTTOM OF THE 7TH
Detroit Tigers batting - Pitching for Chicago (A) White Sox : RHP Dan Smith
Pitching: LHP António Sánchez
Batting: LHB Gene Keys 0-0: Called Strike
0-1: Foul Ball, location: 3FF
0-2: Strikes out swinging
Batting: RHB Lião Palma 0-0: Called Strike
0-1: Swinging Strike
0-2: Foul Ball, location: 9LDF
0-2: Strikes out swinging
Batting: RHB Ed Hicks 0-0: Ball
1-0: Swinging Strike
1-1: Foul Ball, location: 9LDF
1-2: Ball
2-2: Foul Ball, location: 23FF
2-2: Strikes out swinging
Bottom of the 7th over - 0 runs, 0 hits, 0 errors, 0 left on base; Chicago (A) 3 - Detroit 6
TOP OF THE 8TH
Chicago (A) White Sox batting - Pitching for Detroit Tigers : RHP António Delallana
Now at 3B: José Castillo
Now in LF: Víctor Echevarría
Batting: RHB Tony Hoover 0-0: Foul Ball, location: 2F
0-1: Swinging Strike
0-2: Fly out, F8 (Flyball, 8LXD, EV 103.8 MPH)
Pinch Hitting: LHB Juan Carlos Jiménez 0-0: Called Strike
0-1: Called Strike
0-2: Ball
1-2: Strikes out swinging
Batting: SHB Juan Medina 0-0: Foul Ball, location: 25FF
0-1: Ground out 3-1 (Groundball, 34D, EV 100.6 MPH)
Top of the 8th over - 0 runs, 0 hits, 0 errors, 0 left on base; Chicago (A) 3 - Detroit 6
BOTTOM OF THE 8TH
Detroit Tigers batting - Pitching for Chicago (A) White Sox : LHP António Sánchez
Now at 2B: Juan Medina
Now at SS: Álex Martínez
Batting: LHB Dave O'Rorke 0-0: Ball
1-0: Swinging Strike
1-1: Foul Ball, location: 2F
1-2: Strikes out swinging
Batting: RHB José Castillo 0-0: Ball
1-0: Ball
2-0: Foul Ball, location: 9LMF
2-1: Ball
3-1: Swinging Strike
3-2: Fly out, F8 (Flyball, 8RXD, EV 94.4 MPH)
Batting: LHB Luis Arroyo 0-0: Called Strike
0-1: Ball
1-1: Ball
2-1: Foul Ball, location: 2F
2-2: Strikes out swinging
Bottom of the 8th over - 0 runs, 0 hits, 0 errors, 0 left on base; Chicago (A) 3 - Detroit 6
TOP OF THE 9TH
Chicago (A) White Sox batting - Pitching for Detroit Tigers : RHP António Delallana
Pitching: RHP Jorge Rosa
Batting: RHB Dylan Dedmon 0-0: Ball
1-0: Ground out 5-3 (Groundball, 56, EV 86.3 MPH)
Batting: RHB Bob Parks 0-0: Ground out 5-3 (Groundball, 56S, EV 72.5 MPH)
Batting: RHB Lonnie Anderson 0-0: Ball
1-0: Ball
2-0: Ground out 5-3 (Groundball, 56S, EV 87.5 MPH)
Top of the 9th over - 0 runs, 0 hits, 0 errors, 0 left on base; Chicago (A) 3 - Detroit 6
Sunday, March 24th , 2024 - OOTP Baseball 24.10 Build 82